 Dungeon Crawl Stone Soup version 0.16-a0-2622-gbfab2ba (console) character file.

26574 utis the Thaumaturge (level 12, -2/69 HPs)
             Began as a Deep Elf Earth Elementalist on Nov 22, 2014.
             Was an Elder of Vehumet.
             Slain by a basilisk (7 damage)
             ... on level 3 of the Lair of Beasts.
             The game lasted 01:14:49 (22644 turns).

utis the Thaumaturge (Deep Elf Earth Elementalist) Turns: 22644, Time: 01:14:49

Health: -2/69      AC: 10    Str:  9    XL:     12   Next: 99%
Magic:  9/45       EV: 18    Int: 25    God:    Vehumet [****..]
Gold:   193        SH:  0    Dex: 15    Spells: 12 memorised, 7 levels left

rFire  . . .     SeeInvis .     D - staff of earth
rCold  . . .     Clarity  .     G - +1 leather armour "Friloum" {rN+}
rNeg   + . .     SustAb   .     (no shield)
rPois  +         Gourm    .     (no helmet)
rElec  .         Spirit   .     I - +2 cloak {rPois}
rCorr  +         Warding  .     V - +2 pair of gloves
rMut   .         Stasis   .     (no boots)
MR     +....                    K - amulet of resist corrosion
Stlth  ++........               O - ring of magical power
                                j - +3 ring of intelligence

@: very slightly contaminated, hasted, very quick, somewhat resistant to hostile
enchantments, unstealthy
A: no striking features
a: Renounce Religion


You were on level 3 of the Lair of Beasts.
You worshipped Vehumet.
Vehumet was greatly pleased with you.
You were hungry.

You visited 3 branches of the dungeon, and saw 14 of its levels.

You collected 577 gold pieces.
You spent 384 gold pieces at shops.

Inventory:

Hand weapons
 a - a +0 rapier of venom
 k - a +1 lajatang
 p - the +5 long sword "Smao" {pain, rElec}
   (You found it on level 9 of the Dungeon)

   In the hands of one skilled in necromantic magic, it inflicts extra damage on
   living creatures.
   It insulates you from electricity.
Missiles
 b - 217 stones {=f}
 h - 3 javelins (quivered)
 i - 51 poisoned needles
 n - 107 sling bullets
 q - 13 sling bullets of frost
 y - 8 needles of frenzy
 Y - 2 tomahawks
Armour
 G - the +1 leather armour "Friloum" (worn) {rN+}
   (You found it on level 7 of the Dungeon)

   It protects you from negative energy.
 I - a +2 cloak of poison resistance (worn)
 V - a +2 pair of gloves (worn)
Magical staves
 D - an uncursed staff of earth (weapon)
Jewellery
 j - a +3 ring of intelligence (left hand)
 m - an uncursed ring of ice
 r - a cursed amulet of stasis
 v - an uncursed ring of fire
 K - an amulet of resist corrosion (around neck)
 M - an uncursed ring of stealth {=f}
 O - a ring of magical power (right hand)
 W - an uncursed amulet of resist mutation
Magical devices
 f - a wand of digging (17)
 t - a wand of polymorph (18)
 w - a wand of polymorph (5)
 C - a wand of confusion (22)
 H - a wand of cold (7)
 L - a wand of fireball (4)
 N - a wand of random effects (25)
 P - a wand of random effects (27)
 Q - a wand of slowing (21)
Scrolls
 d - a scroll of vulnerability {unknown}
 e - 6 scrolls of amnesia
 l - 2 scrolls of magic mapping
 z - a scroll of fog
 A - 4 scrolls of remove curse
 E - a scroll of teleportation {!r}
 S - a scroll of identify
Potions
 s - a potion of heal wounds {unknown}
 u - a potion of haste
 x - 3 potions of resistance
 F - a potion of degeneration
 J - 2 potions of might
 R - a potion of restore abilities {unknown}
Books
 B - a book of Clouds

   Spells                             Type                      Level
   Mephitic Cloud                     Conjuration/Poison/Air       3
   *Conjure Flame                     Conjuration/Fire             3
   Poisonous Cloud                    Conjuration/Poison/Air       6
   Freezing Cloud                     Conjuration/Ice/Air          6
   Ring of Flames                     Charms/Fire                  7
 U - a Fen Folio

   Spells                             Type                      Level
   Corpse Rot                         Necromancy                   2
   *Stone Arrow                       Conjuration/Earth            3
   Leda's Liquefaction                Hexes/Earth                  4
   Summon Forest                      Summoning/Translocation      5
   Hydra Form                         Transmutation                6
   Summon Hydra                       Summoning                    7
Comestibles
 c - 2 meat rations
 g - 4 beef jerkies
 o - 5 bread rations
 X - 24 fruits
 Z - 5 slices of pizza


   Skills:
 + Level 5.7 Fighting
 + Level 7.6 Staves
 - Level 11.5 Dodging
 - Level 2.4 Stealth
 - Level 14.3 Spellcasting
 - Level 9.0 Conjurations
 - Level 1.1 Transmutations
 + Level 10.2 Earth Magic
 - Level 6.0 Evocations


You had 7 spell levels left.
You knew the following spells:

 Your Spells              Type           Power        Failure   Level  Hunger
a - Sandblast             Erth           ######       1%          1    None
b - Stone Arrow           Conj/Erth      ######       1%          3    None
d - Conjure Flame         Conj/Fire      #####...     1%          3    None
g - Shroud of Golubria    Chrm/Tloc      ###.......   6%          2    None
o - Stoneskin             Trmt/Erth      ######..     1%          2    None
q - Lee's Rapid Deconstr  Erth           #######...   1%          5    ##.....
v - Blink                 Tloc           N/A          6%          2    None
w - Iskenderun's Mystic   Conj           ######..     1%          4    None
A - Apportation           Tloc           ###.......   3%          1    None
X - Searing Ray           Conj           ######       1%          2    None
Y - Petrify               Trmt/Erth      ######..     3%          4    None
Z - Passwall              Trmt/Erth      ######....   1%          3    None


Dungeon Overview and Level Annotations

Branches:
Dungeon (10/15)            Temple (1/1) D:5            Lair (3/8) D:9
  Snake (0/5) Lair:3
  Swamp: Lair:3-6    Shoals: Lair:3-6       Orc: D:9-12

Altars:
Ashenzari
Cheibriados
Dithmenos
Elyvilon
Fedhas
Gozag
Kikubaaqudgha
Makhleb
Nemelex Xobeh
Okawaru
Qazlal
Ru
Sif Muna
Trog
Vehumet
Xom
Yredelemnul
Zin
The Shining One
Jiyva

Shops:
D:5 %?((

Annotations:
D:5 Natasha


Message History

The basilisk hisses menacingly.
The basilisk bites you!
* * * LOW HITPOINT WARNING * * *
The spiny frog stings you!
* * * LOW HITPOINT WARNING * * *
The basilisk bites you!
* * * LOW HITPOINT WARNING * * *
The spiny frog stings you!
* * * LOW HITPOINT WARNING * * *
You turn to flesh and can move again.
Unknown command.
Drink which item? (? for menu, Esc to quit)
You feel yourself speed up.
You are feeling hungry.
The basilisk gazes at you.
You easily resist.
The spiny frog completely misses you.
You are very lightly contaminated with residual magic.
Unknown command.
The basilisk bites you!
You die...

▓▓............▓.▓▓.....
▓............▓.▓▓▓...♣.
▓....................⚶♣
▓...▓..▓▓....⚵...▓..♣..
▓....▓▓▓▓....▓▓▓......⚶
▓...▓▓ ▓.....▓........
▓▓...▓▓ ▓▓....▓▓.......
▓..†..▓▓▓▓.....▓▓..♣....
▓▓...⚶le........<.♣.....
▓....F..†...............
▓.......................
▓▓....▓⚵⚶.........Y.⚶...
▓.▓▓.▓▓.......⚶........
▓▓▓▓............♣♣♣.⚶..
▓.▓ ♣♣♣........⚶.... ▓..
♣............. ..▓
♣......▓..⚶...


You could see a spiny frog and a basilisk.

Vanquished Creatures
  2 hydras
  Erica (Lair:3)
  Erolcha (D:8)
  Pikel (D:6)
  2 hill giants (D:10)
  Eustachio (D:6)
  12 black mambas
  Joseph (D:8)
  4 spiny frogs
  Psyche (D:8)
  2 komodo dragons
  A troll (D:9)
  Grinder (D:5)
  A two-headed ogre (D:8)
  2 basilisks (Lair:3)
  11 blink frogs
  23 yaks
  A wyvern (D:9)
  A deep elf mage (D:10)
  A hungry ghost (D:7)
  5 hippogriffs
  Menkaure (D:5)
  3 wolves (Lair:3)
  6 orc warriors
  2 ice beasts (D:6)
  6 porcupines
  5 black bears
  A sky beast (D:8)
  8 water moccasins
  A centaur (D:8)
  8 ogres
  9 crocodiles
  4 big kobolds
  A wyvern zombie (D:6)
  Blork the orc (D:5)
  2 water moccasin zombies
  7 giant frogs
  7 scorpions
  3 killer bees (D:10)
  8 hounds
  5 wights (D:8)
  4 goliath beetles
  2 quasits
  5 crimson imps
  An iron imp (D:6)
  2 giant frog skeletons (D:5)
  10 orc wizards
  Crazy Yiuf (D:6)
  A centaur skeleton (D:9)
  3 centaur zombies
  10 iguanas
  5 jellies
  10 orc priests
  7 worker ants
  Natasha (D:5)
  2 sheep (D:9)
  Ijyb (D:5)
  A mummy (D:7)
  4 hound skeletons
  16 adders
  11 river rats
  2 shadow imps (D:5)
  4 worms
  2 adder skeletons (D:6)
  An adder zombie (D:7)
  5 giant geckos
  37 orcs
  2 bat skeletons (D:5)
  5 giant cockroaches
  15 hobgoblins
  13 jackals
  23 kobolds
  14 quokkas
  A ball python (Lair:3)
  13 bats
  A giant gecko skeleton (D:4)
  A giant gecko zombie (D:5)
  6 giant newts
  14 goblins
  A jackal skeleton (D:7)
  21 rats
  A spectral orc (D:7)
  A plant (Lair:3)
443 creatures vanquished.

Vanquished Creatures (others)
  2 slaves (D:6)
  A quasit (D:6)
  4 fungi
7 creatures vanquished.

Grand Total: 450 creatures vanquished

Notes
Turn   | Place    | Note
--------------------------------------------------------------
     0 | D:1      | utis, the Deep Elf Earth Elementalist, began the quest for the Orb.
     0 | D:1      | Reached XP level 1. HP: 10/10 MP: 5/5
   696 | D:1      | Reached XP level 2. HP: 12/15 MP: 1/8
   697 | D:1      | Reached skill level 4 in Earth Magic
  1489 | D:2      | Learned a level 2 spell: Stoneskin
  1519 | D:2      | Found a radiant altar of Vehumet.
  1852 | D:2      | Reached XP level 3. HP: 19/19 MP: 5/10
  2283 | D:3      | Reached skill level 5 in Earth Magic
  2596 | D:3      | Learned a level 3 spell: Stone Arrow
  2611 | D:3      | Found a sacrificial altar of Ru.
  2780 | D:3      | Reached skill level 1 in Conjurations
  2780 | D:3      | Reached XP level 4. HP: 17/24 MP: 7/13
  3312 | D:3      | Noticed a moth of wrath
  3315 | D:3      | Found a bloodstained altar of Trog.
  3534 | D:3      | Found a glowing silver altar of Zin.
  3537 | D:3      | Found a deep blue altar of Sif Muna.
  3788 | D:4      | Reached XP level 5. HP: 19/28 MP: 12/16
  4250 | D:4      | Noticed an ogre
  4261 | D:4      | Killed an ogre
  4261 | D:4      | Reached skill level 5 in Conjurations
  4261 | D:4      | Reached XP level 6. HP: 32/32 MP: 11/18
  4551 | D:4      | Reached skill level 6 in Conjurations
  4798 | D:4      | Learned a level 5 spell: Lee's Rapid Deconstruction
  5752 | D:5      | Entered Level 5 of the Dungeon
  5766 | D:5      | Reached XP level 7. HP: 36/36 MP: 18/20
  5915 | D:5      | Found Heledar's Antique Weapon Emporium.
  5922 | D:5      | Noticed Natasha
  5974 | D:5      | Killed Natasha
  6041 | D:5      | HP: 1/36 [orc priest/falchion (4)]
  6392 | D:5      | Reached skill level 7 in Conjurations
  6554 | D:5      | Noticed Grinder
  6564 | D:5      | Killed Grinder
  6564 | D:5      | Reached XP level 8. HP: 25/41 MP: 13/21
  6777 | D:5      | Found an ancient bone altar of Kikubaaqudgha.
  6778 | D:5      | Noticed Natasha
  6847 | D:5      | Found a staircase to the Ecumenical Temple.
  6915 | Temple   | Entered the Ecumenical Temple
  7203 | D:2      | Became a worshipper of Vehumet
  7354 | D:5      | Reached skill level 8 in Conjurations
  7477 | D:5      | Noticed Blork the orc
  7493 | D:5      | Killed Blork the orc
  7528 | D:5      | Found Ypack's Weapon Shoppe.
  7588 | D:5      | Noticed Ijyb
  7595 | D:5      | Killed Ijyb
  7642 | D:5      | Noticed Menkaure
  7645 | D:5      | Killed Menkaure
  7671 | D:5      | Found Jukapasch's Food Emporium.
  7837 | D:5      | Reached skill level 9 in Conjurations
  7865 | D:5      | Found a blossoming altar of Fedhas.
  7867 | D:5      | Found Muasun's Magic Scroll Shop.
  7875 | D:5      | Bought a scroll of fear for 49 gold pieces
  7875 | D:5      | Bought 2 scrolls of teleportation for 84 gold pieces
  7875 | D:5      | Bought a scroll of identify for 28 gold pieces
  7875 | D:5      | Bought a scroll of identify for 28 gold pieces
  8137 | D:6      | Found an opulent altar of Gozag.
  8137 | D:6      | Noticed Pikel
  8292 | D:6      | Acquired Vehumet's first power
  8292 | D:6      | Offered knowledge of Magic Dart by Vehumet.
  8410 | D:6      | Learned a level 3 spell: Passwall
  8582 | D:6      | Reached XP level 9. HP: 45/45 MP: 17/25
  8621 | D:6      | Killed Pikel
  8986 | D:6      | Learned a level 4 spell: Petrify
  9058 | D:6      | Noticed Eustachio
  9478 | D:6      | Noticed Crazy Yiuf
  9482 | D:6      | Killed Crazy Yiuf
  9571 | D:6      | Killed Eustachio
  9750 | D:7      | Found a sparkling altar of Nemelex Xobeh.
 10193 | D:7      | Got a warped leather armour
 10233 | D:7      | Found a stormy altar of Qazlal.
 10376 | D:7      | Identified the cursed +1 leather armour "Friloum" {rN+} (You found it on level 7 of the Dungeon)
 10652 | D:7      | Found a shattered altar of Ashenzari.
 10822 | D:7      | Found a basalt altar of Yredelemnul.
 10848 | D:7      | Learned a level 2 spell: Shroud of Golubria
 10851 | D:7      | Learned a level 2 spell: Blink
 10853 | D:7      | Learned a level 1 spell: Apportation
 10908 | D:8      | Reached XP level 10. HP: 50/50 MP: 26/29
 11088 | D:8      | Offered knowledge of Searing Ray by Vehumet.
 11532 | D:8      | Learned a level 2 spell: Searing Ray
 11548 | D:8      | Found an opulent altar of Gozag.
 11613 | D:8      | Noticed Erolcha
 11619 | D:8      | Killed Erolcha
 11683 | D:8      | Reached skill level 10 in Spellcasting
 12008 | D:8      | Noticed Psyche
 12015 | D:8      | Killed Psyche
 12015 | D:8      | Reached skill level 10 in Dodging
 12174 | D:8      | Offered knowledge of Conjure Flame by Vehumet.
 12192 | D:8      | Learned a level 3 spell: Conjure Flame
 12393 | D:8      | Found a white marble altar of Elyvilon.
 12393 | D:8      | Noticed Joseph
 12407 | D:8      | Killed Joseph
 12480 | D:8      | Reached skill level 11 in Spellcasting
 13000 | D:8      | Acquired Vehumet's second power
 13461 | D:9      | Reached skill level 12 in Spellcasting
 13724 | D:9      | Found a staircase to the Lair.
 13949 | D:9      | Offered knowledge of Airstrike by Vehumet.
 14016 | D:9      | Reached XP level 11. HP: 54/54 MP: 29/34
 14429 | D:9      | Noticed a two-headed hydra
 14435 | D:9      | Killed a two-headed hydra
 14739 | D:5      | Bought a +0 lajatang for 195 gold pieces
 15130 | D:9      | Got an ivory long sword
 15445 | D:10     | Entered Level 10 of the Dungeon
 15450 | D:10     | Reached skill level 1 in Fighting
 15822 | D:10     | Noticed a hill giant
 15836 | D:10     | Killed a hill giant
 15902 | D:10     | Acquired Vehumet's third power
 16261 | D:10     | Noticed a hill giant
 16536 | D:10     | Killed a hill giant
 16629 | D:10     | Offered knowledge of Iskenderun's Mystic Blast by Vehumet.
 16635 | D:10     | Learned a level 4 spell: Iskenderun's Mystic Blast
 16727 | Lair:1   | Entered Level 1 of the Lair of Beasts
 17240 | Lair:1   | Reached skill level 13 in Spellcasting
 18187 | Lair:2   | Noticed an eight-headed hydra
 18191 | Lair:2   | Killed an eight-headed hydra
 18191 | Lair:2   | Reached skill level 14 in Spellcasting
 18412 | Lair:2   | Reached skill level 1 in Staves
 18752 | Lair:2   | Found a snail-covered altar of Cheibriados.
 18776 | Lair:2   | Reached XP level 12. HP: 67/67 MP: 33/36
 18828 | Lair:2   | Identified the +5 long sword "Smao" {pain, rElec} (You found it on level 9 of the Dungeon)
 19012 | Lair:2   | Offered knowledge of Ozocubu's Refrigeration by Vehumet.
 19835 | Lair:3   | Reached skill level 5 in Staves
 20125 | Lair:3   | Reached skill level 1 in Evocations
 20416 | Lair:3   | Noticed Erica
 20586 | Lair:3   | Reached skill level 5 in Evocations
 20649 | Lair:3   | Found a staircase to the Snake Pit.
 21512 | Lair:3   | Killed Erica
 21741 | Lair:3   | Reached skill level 5 in Fighting
 22119 | Lair:3   | Reached skill level 10 in Earth Magic
 22644 | Lair:3   | Slain by a basilisk

Action                   |  1- 3 |  4- 6 |  7- 9 | 10-12 || total
-------------------------+-------+-------+-------+-------++-------
Melee: Dagger            |     5 |       |       |       ||     5
       Quarterstaff      |     5 |       |     2 |       ||     7
       Rapier            |       |       |       |    11 ||    11
       Staff             |       |       |       |    20 ||    20
       Long sword        |       |       |       |     8 ||     8
Throw: Javelin           |     5 |    10 |     3 |    49 ||    67
       Stone             |     1 |       |       |       ||     1
 Cast: Sandblast         |    77 |    84 |   155 |     2 ||   318
       Stone Arrow       |       |     8 |    88 |   522 ||   618
       Lee's Rapid Decon |       |       |     1 |    24 ||    25
       Apportation       |       |       |       |     3 ||     3
       Petrify           |       |       |       |     8 ||     8
       Searing Ray       |       |       |       |     1 ||     1
  Use: Scroll            |     1 |     4 |     5 |    16 ||    26
       Potion            |       |       |     2 |     2 ||     4
  Eat: Chunk             |     5 |    10 |    16 |    34 ||    65
       Pizza             |       |       |     1 |     1 ||     2
       Fruit             |       |       |       |     1 ||     1
